 Dungeon Crawl Stone Soup version 0.28.0-43-g3370ac3207 (webtiles) character file.

Game seed: 14607225079006571604

28 Faeu the Covered (level 2, 0/27 HPs)
             Began as a Minotaur Fighter on Mar 27, 2022.
             Was a Follower of Makhleb.
             Slain by Sigmund
             ... wielding a +0 scythe
              (1 damage)
             ... on level 2 of the Dungeon.
             The game lasted 00:03:04 (1062 turns).

Faeu the Covered (Minotaur Fighter)                 Turns: 1062, Time: 00:03:04

Health: 0/27       AC:  7    Str: 20    XL:     2   Next: 96%
Magic:  1/1        EV:  9    Int:  5    God:    Makhleb [*.....]
Gold:   61         SH:  0    Dex:  9    Spells: 1/1 levels left

rFire   . . .      SeeInvis .   a - +0 long sword {long}
rCold   . . .      Faith    .   c - +0 buckler
rNeg    . . .      Spirit   .   b - +0 scale mail
rPois   .          Reflect  .   (helmet restricted)
rElec   .          Harm     .   (no cloak)
rCorr   .          Rampage  .   (no gloves)
Will    .....                   (no boots)
Stlth   ..........              (no amulet)
HPRegen 0.09/turn               (no ring)
MPRegen 0.07/turn               (no ring)

@: confused
A: horns 2, retaliatory headbutt
a: Renounce Religion


You were on level 2 of the Dungeon.
You worshipped Makhleb.
Makhleb was aware of your devotion.
You visited 1 branch of the dungeon, and saw 2 of its levels.

You collected 61 gold pieces.


Innate Abilities, Weirdness & Mutations

You have a pair of horns on your head.
You reflexively headbutt those who attack you in melee.


   Skills:
 + Level 4.0 Fighting
 + Level 3.0 Long Blades
 + Level 4.0 Armour
 + Level 4.0 Shields


You had one spell level left.
You didn't know any spells.
Your spell library was empty.

Inventory:

Hand Weapons
 a - a +0 long sword (weapon) {long}
 h - a +1 short sword of flaming {short}
   (You took it off a kobold on level 1 of the Dungeon)
Armour
 b - a +0 scale mail (worn)
 c - a +0 buckler (worn)
Scrolls
 e - a scroll of brand weapon {unknown}
 f - a scroll of magic mapping {unknown}
 j - a scroll of silence {unknown}
 m - 2 scrolls of teleportation {unknown}
Potions
 d - a potion of might
 g - a potion of resistance {unknown}
 i - a potion of attraction {unknown}
 k - a potion of curing {unknown}
 l - a potion of mutation {unknown}

Dungeon Overview and Level Annotations

Branches:
Dungeon (2/15)

Altars:
Makhleb

Annotations:
D:2 Sigmund

#........ ########
#......r.# ........
+........+
.############...=....#
.....).)..........@.$+
#....................
.#.#######
'....................
.......<..
#..............{#####
.#.#######
....####.......r@.?.#
# ###.#
#.............+ # #.#
#.....>.......# # #.#
#.............# #. #
###.# #.............#
#.# # ..#.#
#.############# #.# #
..#.###'###
###########.## #
..........#
#............. #
..........#
#.#########.#########


You could see a rat.


Message History

You headbutt the hobgoblin, but do no damage.
You slash the hobgoblin!
You kill the hobgoblin!
Makhleb accepts your kill.
Your Long Blades skill increases to level 3!
You see here a hobgoblin corpse.
You now have 32 gold pieces (gained 7).
You open the door.
There is an open door here.
You now have 43 gold pieces (gained 11).
You now have 52 gold pieces (gained 9).
You open the door.
There is an open door here.
There is an open door here.
You open the door.
There is an open door here.
You open the door.
There is an open door here.
k - a smoky grey potion You now have 61 gold pieces (gained 9).
You open the door.
There is an open door here.
There is an open door here.
You open the door.
There is an open door here.
l - a fizzy orange potion
m - 2 scrolls labelled DYACRI REMM You open the door.
You open the door.
There is an open door here.
You open the door.
There is an open door here.
A kobold comes into view. It is wielding a +0 short sword.
You see here a +0 hand axe {axe}.
The kobold hits you with a +0 short sword. 😕 HP[-5]
You take 5 damage, and now have 22/27 hp.
You hit the kobold but do no damage.
The kobold hits you with a +0 short sword.
The kobold hits you but does no damage. 😕 HP[-1]
You take 1 damage, and now have 21/27 hp.
You closely miss the kobold. The kobold barely misses you.
You hit the kobold.
You kill the kobold!
Makhleb accepts your kill.
Things that are here:
a +0 short sword {short}; a kobold corpse You see here a +0 hand axe {axe}. 😕 HP[+1]
You see here a +0 scale mail.
There is an open door here. 😕 HP[+1]
You see here 19 stones {throwing}.
HP restored.
There is an open door here.
You see here a +0 scale mail.
There is a stone staircase leading down here.
You open the door.
There is an open door here.
Sigmund the Dreaded comes into view.
He is wielding a +0 scythe.
Sigmund shouts!
Sigmund casts a spell at you. The magic dart hits you. 😕 HP[-1]
You take 1 damage, and now have 22/27 hp.
A rat comes into view. 😕 HP[+1]
You see here a scroll labelled NICIRE REYL.
Sigmund hits you but does no damage. Sigmund misses you.
You barely miss Sigmund.
Sigmund mumbles some strange words.
Sigmund flickers and vanishes!
Deactivating autopickup; reactivate with Ctrl-A.
You miss something. Something hits you! 😮 HP[-7]
You take 7 damage, and now have 16/27 hp.
MASSIVE DAMAGE!! (PAUSE)
You barely miss something. Your headbutt misses something.
You hear some strange, mumbled words.
You are confused.
You bump into the rock wall.
Something hits you but does no damage.
You closely miss something. The rat closely misses you. Something hits you.
* * * LOW HITPOINT WARNING * * *
😨 HP[-3]
You take 3 damage, and now have 13/27 hp.
You're too confused to move!
The rat bites you.
* * * LOW HITPOINT WARNING * * *
😨 HP[-1]
You take 1 damage, and now have 12/27 hp.
You bump into the rock wall.
Something hits you!
* * * LOW HITPOINT WARNING * * *
The rat closely misses you. 😱 HP[-11]
You take 11 damage, and now have 1/27 hp.
MASSIVE DAMAGE!! (PAUSE)
You bump into the rock wall.
The rat misses you. Something hits you.
You die...

Skill      XL: |  1  2 |
---------------+-------+-----
Armour         | 4 |  4.0
Fighting       | 4 |  4.0
Shields        | 4 |  4.0
Long Blades    | 3 |  3.0

Action                   || total
-------------------------++-------
Melee: Long sword        ||    55
       Headbutt          ||     2
Armor: Scale mail        ||    17
Dodge: Dodged            ||    28
Block: Buckler           ||     6

Levels and vault maps discovered:
D:1:      dpeg_arrival_radiant, layout_basic, chequers_ecumenical_altar_simple
D:2:      layout_basic, uniq_sigmund

Notes
Turn   | Place    | Note
-------+----------+-------------------------------------------
     0 | D:1      | Faeu the Minotaur Fighter began the quest for the Orb.
     0 | D:1      | Reached XP level 1. HP: 19/19 MP: 0/0
     0 | D:1      | magus.rc [v1.9.6]
    56 | D:1      | Reached XP level 2. HP: 19/27 MP: 1/1
   190 | D:1      | Reached skill level 4 in Armour
   278 | D:1      | Reached skill level 4 in Fighting
   278 | D:1      | Reached skill level 4 in Shields
   568 | D:1      | Found a faded altar of an unknown god.
   640 | D:1      | Prayed at the altar of an unknown god.
   640 | D:1      | Became a worshipper of Makhleb the Destroyer
   640 | D:1      | Reached * piety under Makhleb
   688 | D:2      | Reached skill level 3 in Long Blades
  1047 | D:2      | Noticed Sigmund
  1061 | D:2      | HP: 1/27 [something (11)]
  1062 | D:2      | Slain by Sigmund

Vanquished Creatures
  A dart slug (D:1)
  2 ball pythons (D:1)
  4 endoplasms (D:1)
  A giant cockroach (D:1)
  3 goblins
  5 hobgoblins
  2 kobolds
  A quokka (D:1)
  A frilled lizard (D:1)
  2 rats (D:1)
22 creatures vanquished.

Table legend:
 A = Non-vault XP
 B = Vault XP
 C = Vault XP percentage of total XP
 D = Non-vault monster count
 E = Vault monster count
 F = Vault count percentage of total count
                 A         B        C        D         E       F
            +---------+---------+-------+---------+---------+-------
      Total |      40 |       0 |   0.0 |      22 |       0 |   0.0
            +---------+---------+-------+---------+---------+-------
        D:1 |      36 |       0 |   0.0 |      19 |       0 |   0.0
        D:2 |       4 |       0 |   0.0 |       3 |       0 |   0.0
            +---------+---------+-------+---------+---------+-------

Illustrated notes

Table legend:
 A = Kills in this place as a percentage of kills in entire the game.
 B = Kills by you in this place as a percentage of kills by you in the entire game.
 C = Kills by friends in this place as a percentage of kills by friends in the entire game.
 D = Other kills in this place as a percentage of other kills in the entire game.
 E = Experience gained in this place as a percentage of experience gained in the entire game.
 F = Experience gained in this place divided by the number of levels of this place that you have seen.
                   A       B       C       D       E      F
               +-------+-------+-------+-------+-------+----------------------
         Total | 100.0 | 100.0 |   N/A |   N/A | 100.0 |  20.0
       Dungeon | 100.0 | 100.0 |   N/A |   N/A | 100.0 |  20.0
               +-------+-------+-------+-------+-------+----------------------

Table legend: (Time is in decaauts)
 A = Elapsed time spent in this place.
 B = Non-inter-level travel time spent in this place.
 C = Inter-level travel time spent in this place.
 D = Time resting spent in this place.
 E = Time spent auto-exploring this place.
 F = Levels seen in this place.
 G = Mean time per level.
                   A        B        C        D        E       F      G
               +--------+--------+--------+--------+--------+-----+--------+
         Total |   1079 |   1043 |     36 |      0 |    677 |   2 |  539.5 |
       Dungeon |   1079 |   1043 |     36 |      0 |    677 |   2 |  539.5 |
               +--------+--------+--------+--------+--------+-----+--------+

Top non-repeatable levels by time:
     D:1: 669 daAuts
     D:2: 410 daAuts
